 Dungeon Crawl Stone Soup version 0.18.1-8-gdd0e5ea (webtiles) character file.

364 timez0r the Digger (level 6, -9/32 HPs)
             Began as a Gargoyle Earth Elementalist on June 10, 2016.
             Killed by divine providence
             ... invoked by an orc priest
              (10 damage)
             ... on level 4 of the Dungeon.
             The game lasted 00:15:43 (3681 turns).

timez0r the Digger (Gargoyle Earth Elementalist)    Turns: 3681, Time: 00:15:44

Health: -9/32      AC:  7    Str: 12    XL:     6   Next: 67%
Magic:  12/12      EV: 12    Int: 17    God:
Gold:   18         SH:  0    Dex: 10    Spells: 3 memorised, 4 levels left

rFire  . . .     SeeInvis +     x - +1 mace (crush)
rCold  . . .     Gourm    .     a - +0 robe
rNeg   + . .     Faith    .     (no shield)
rPois  ∞         Spirit   .     (no helmet)
rElec  +         Dismiss  .     (no cloak)
rCorr  .         Reflect  .     (no gloves)
SustAt .         Harm     .     (no boots)
MR     .....                    (no amulet)
Stlth  ++........               i - +1 ring of protection
                                h - ring of see invisible

@: not resistant to hostile enchantments, unstealthy
A: negative energy resistance 1, electricity resistance, unbreathing,
petrification resistance, rot immunity, AC +4
a: no special abilities


You were on level 4 of the Dungeon.
You were not hungry.

You visited 1 branch of the dungeon, and saw 4 of its levels.

You collected 249 gold pieces.
You spent 231 gold pieces at shops.

Inventory:

Hand Weapons
 x - a +1 mace of crushing (weapon)
Missiles
 b - 57 stones (quivered)
Armour
 a - a +0 robe (worn)
Jewellery
 h - a ring of see invisible (left hand)
 i - a +1 ring of protection (right hand)
Wands
 w - a wand of lightning (8/15)
Scrolls
 g - 6 scrolls of identify
 l - a scroll of remove curse {unknown}
 n - 4 scrolls of recharging {unknown}
 s - a scroll of enchant armour {unknown}
Potions
 e - a potion of degeneration {unknown}
 j - 3 potions of flight {unknown}
 k - 4 potions of curing
 m - a potion of magic {unknown}
 p - a potion of heal wounds {unknown}
 q - a potion of brilliance {unknown}
 r - a potion of agility {unknown}
Books
 c - a book of Geomancy

   Spells                             Type                      Level
   a - Sandblast                      Earth                        1
   b - Passwall                       Transmutation/Earth          2
   c - Stone Arrow                    Conjuration/Earth            3
   d - Petrify                        Transmutation/Earth          4
   e - Lee's Rapid Deconstruction     Earth                        5
 u - a book of Conjurations

   Spells                             Type                      Level
   a - Magic Dart                     Conjuration                  1
   b - Searing Ray                    Conjuration                  2
   c - Dazzling Spray                 Conjuration/Hexes            3
   d - Fulminant Prism                Conjuration/Hexes            4
   e - Iskenderun's Mystic Blast      Conjuration                  4
   f - Iskenderun's Battlesphere      Conjuration/Charms           5
Comestibles
 d - 2 bread rations
 f - 2 beef jerkies
 t - a meat ration
 v - 2 chunks of flesh


   Skills:
 + Level 2.0 Maces & Flails
 - Level 1.5 Dodging
 - Level 2.1 Stealth
 * Level 4.3 Spellcasting
   Level 0.7 Transmutations
 * Level 6.4 Earth Magic


You had 4 spell levels left.
You knew the following spells:

 Your Spells              Type           Power        Failure   Level  Hunger
a - Sandblast             Erth           ####..       1%          1    None
b - Stone Arrow           Conj/Erth      ##....       14%         3    ###....
c - Lee's Rapid Deconstr  Erth           ####......   38%         5    ######.


Dungeon Overview and Level Annotations

Branches:
Dungeon (4/15)
 Temple: D:4-7

Altars:
Elyvilon
Pakellas
Qazlal

Shops:
D:4 *


Innate Abilities, Weirdness & Mutations

You are resistant to torment.
Your stone body is resilient (AC +4).
You are immune to poison.
You resist negative energy.
You are resistant to electric shocks.
You can survive without breathing.
You are immune to petrification.
You are immune to rotting.


Message History

The orc priest miscasts a cantrip.
The orc priest mumbles some strange prayers to Beogh against you.
Beogh smites you!
The orc wizard casts a spell.
The orc wizard seems to speed up.
There is an open door here.
You close the door.
Something unseen opens the door.
The orc priest casts a cantrip, but nothing happens.
The orc wizard casts a spell at you. The puff of frost hits you!
Some of the chunks of flesh in your inventory have rotted away.
The orc wizard casts a spell at you. The magic dart hits you!
The orc priest calls down the wrath of Beogh upon you.
Beogh smites you!
* * * LOW HITPOINT WARNING * * *
The orc wizard barely misses you.
The orc priest mumbles some strange prayers to Beogh against you.
Beogh smites you!
You die...

.........#........ ........#
....... .......# .......
......#######..
######'##.......>#..
#.......#........#..
#.......#........'..
#.......'........#..
#######@##..#........##)
#.....o..#..##..........
#.÷......#...#..........
#........#...#..........
#.o......#...'..........
######o.......#####..........
#....o######+####.##########.
#.....#∩.....o............ #.
#.....#...............o...


You could see 2 orc priests and 2 orc wizards.

Vanquished Creatures
  2 giant frogs
  A hound (D:3)
  2 iguanas (D:4)
  A worker ant (D:3)
  6 adders
  2 oozes
  2 worms
  3 dart slugs
  A giant gecko (D:2)
  2 orcs
  6 bats
  4 giant cockroaches
  6 hobgoblins
  4 jackals (D:3)
  2 quokkas (D:4)
  2 ball pythons
  2 giant newts (D:1)
  7 goblins
  4 kobolds
  5 rats
64 creatures vanquished.

Notes
Turn   | Place    | Note
--------------------------------------------------------------
     0 | D:1      | timez0r the Gargoyle Earth Elementalist began the quest for the Orb.
     0 | D:1      | Reached XP level 1. HP: 10/10 MP: 3/3
   235 | D:1      | Reached XP level 2. HP: 12/15 MP: 1/5
   276 | D:1      | Reached skill level 4 in Earth Magic
  1158 | D:1      | Reached XP level 3. HP: 19/19 MP: 2/7
  1210 | D:1      | Learned a level 3 spell: Stone Arrow
  1288 | D:2      | Found a white marble altar of Elyvilon.
  1420 | D:2      | Found an oddly glowing altar of Pakellas.
  1758 | D:2      | Reached XP level 4. HP: 24/24 MP: 5/8
  1911 | D:3      | Noticed a giant frog
  1918 | D:3      | Killed a giant frog
  1918 | D:3      | Reached skill level 1 in Maces & Flails
  1918 | D:3      | Reached skill level 5 in Earth Magic
  1918 | D:3      | Reached XP level 5. HP: 10/28 MP: 2/10
  2116 | D:3      | Learned a level 5 spell: Lee's Rapid Deconstruction
  2188 | D:3      | Found a stormy altar of Qazlal.
  3184 | D:4      | Reached XP level 6. HP: 31/32 MP: 9/11
  3271 | D:4      | Reached skill level 6 in Earth Magic
  3637 | D:4      | Found Ompoplerph's General Store.
  3640 | D:4      | Bought a potion of curing for 42 gold pieces
  3640 | D:4      | Bought a +1 mace of crushing for 161 gold pieces
  3640 | D:4      | Bought a scroll of identify for 28 gold pieces
  3681 | D:4      | HP: 1/32 [orc priest/divine providence (11)]
  3681 | D:4      | Killed from afar by an orc priest

Skill      XL: |  1  2  3  4  5  6 |
---------------+-------------------+-----
Earth Magic    | 4 5 6 |  6.4
Maces & Flails | 1 2 |  2.0
Spellcasting   | 3 4 |  4.3
Dodging        | |  1.5
Stealth        | |  2.1
Transmutations | |  0.7

Action                   |  1- 3 |  4- 6 || total
-------------------------+-------+-------++-------
Melee: Club              |    17 |       ||    17
       Mace              |     4 |       ||     4
       Whip              |     2 |    46 ||    48
 Cast: Sandblast         |    69 |    74 ||   143
       Stone Arrow       |       |     1 ||     1
  Eat: Chunk             |     3 |     6 ||     9
Armor: Robe              |    36 |    29 ||    65
Dodge: Dodged            |    59 |    55 ||   114
